 Dungeon Crawl Stone Soup version 0.30.1-4-g462c640d31 (webtiles) character file.

Game seed: 2586428992768578859

8 safid the Chiller (level 2, 0/21 HPs)
             Began as a Merfolk Ice Elementalist on Aug 22, 2023.
             Slain by a jackal (2 damage)
             ... on level 1 of the Dungeon.
             The game lasted 00:00:52 (159 turns).

safid the Chiller (Merfolk Ice Elementalist)         Turns: 159, Time: 00:00:52

Health: 0/21       AC:  2    Str:  8    XL:     2   Next: 8%
Magic:  5/5        EV: 12    Int: 14    God:
Gold:   12         SH:  0    Dex: 14    Spells: 4/5 levels left

rFire   . . .        c - +1 trident (venom)
rCold   . . .        (no shield)
rNeg    . . .        a - +0 robe
rPois   .            (no helmet)
rElec   .            (no cloak)
rCorr   .            (no gloves)
SInv    .            (no boots)
Will    .....        (no amulet)
Stlth   ++           (no ring)
HPRegen 0.23/turn    (no ring)
MPRegen 0.09/turn

%: no passive effects
@: no status effects
A: (nimble swimmer 2), mertail
a: no special abilities


You were on level 1 of the Dungeon.
You visited 1 branch of the dungeon, and saw 1 of its levels.

You collected 12 gold pieces.

Inventory:

Hand Weapons
 c - a +1 trident of venom (weapon)
Armour
 a - a +0 robe (worn)
Scrolls
 d - a scroll of immolation {unknown}
 e - a scroll of blinking {unknown}
Potions
 b - a potion of magic
 f - a potion of haste {unknown}


   Skills:
 + Level 1.0 Fighting
 - Level 2.6 Dodging
 - Level 2.1 Stealth
 + Level 2.2 Spellcasting
 + Level 4.5 Ice Magic


You had 4 spell levels left.
You knew the following spells:

 Your Spells              Type           Power      Damage    Failure   Level
a - Freeze                Ice            56%        1d7       3%          1

Your spell library contained the following spells:

 Spells                   Type           Power      Damage    Failure   Level
 Frozen Ramparts          Ice            28%        1d5       11%         3
 Ozocubu's Armour         Ice            14%        N/A       11%         3
 Summon Ice Beast         Ice/Summ       7%         N/A       67%         4


Dungeon Overview and Level Annotations

Branches:
Dungeon (1/15)

Altars:


Innate Abilities, Weirdness & Mutations

((You are very nimble when in or above water. (Stealth+, EV+, Speed+++)))
Your lower body shifts to a powerful aquatic tail in water.


Message History

The quokka barely misses you. The jackal misses you.
Your Fighting skill increases to level 1!
You miss the quokka.
The jackal pauses to sniff the ground.
The jackal barely misses you. The frilled lizard bites you.
The quokka bites you. The jackal bites you. The quokka bites you.
* * * LOW HITPOINT WARNING * * *
The frilled lizard closely misses you.
You are too injured to fight recklessly!
You are too injured to fight recklessly!
You are too injured to fight recklessly!
You are too injured to fight recklessly!
You are too injured to fight recklessly!
You are too injured to fight recklessly!
You are too injured to fight recklessly!
You are too injured to fight recklessly!
You are too injured to fight recklessly!
You are too injured to fight recklessly!
You are too injured to fight recklessly!
You are too injured to fight recklessly!
You are too injured to fight recklessly!
Unknown command.
The jackal attacks as you move away! The jackal closely misses you.
The jackal attacks as you move away! The jackal closely misses you.
The jackal attacks as you move away!
The jackal bites you but does no damage.
The quokka attacks as you move away! The quokka barely misses you.
The jackal attacks as you move away! The jackal bites you.
* * * LOW HITPOINT WARNING * * *
The quokka attacks as you move away! The quokka closely misses you.
Found a pair of boots.
The jackal closely misses you.
You closely miss the jackal. The jackal closely misses you. x2
Unknown command.
You closely miss the jackal. The jackal closely misses you.
The jackal bites you but does no damage.
Unknown command.
You barely miss the jackal. The jackal bites you.
* * * LOW HITPOINT WARNING * * *
The jackal bites you.
You die...

#........###.....
####..#...#
######†..#.......
...#..##
##....#.#.#.#
.#.. .#
#..#........ . #.
(#
####.......#.##
#. ..
#........>...###.
#.#####..........
# #>...##########
#...hrh@.....[.
#...h#####.####
####....#
.?.......#
#####.#†.#
#.#.......".
#.#.....#### .
####### #


You could see a quokka and 3 jackals.

Vanquished Creatures
  A ball python (D:1)
  3 bats (D:1)
  A hobgoblin (D:1)
  A jackal (D:1)
  A frilled lizard (D:1)
  A rat (D:1)
8 creatures vanquished.

Notes
Turn   | Place    | Note
-------+----------+-------------------------------------------
     0 | D:1      | safid the Merfolk Ice Elementalist began the quest for the
                  | Orb.
     0 | D:1      | Reached XP level 1. HP: 13/13 MP: 3/3
   135 | D:1      | Reached XP level 2. HP: 20/20 MP: 5/5
   150 | D:1      | Reached skill level 1 in Fighting
   159 | D:1      | Slain by a jackal

Illustrated notes

Levels and vault maps discovered:
D:1:      zaba_arrival_water, layout_loops_ring, basic_ecumenical_altar,
          minmay_misc_feat_pillars, minmay_split_cup_small

Skill      XL: |  1  2 |
---------------+-------+-----
Fighting       | 1 |  1.0
Dodging        | |  2.6
Stealth        | |  2.1
Spellcasting   | |  2.2
Ice Magic      | |  4.5

Action                     || total
---------------------------++-------
  Melee: Trident           ||    23
   Stab: Sleeping          ||     4
 Armour: Robe              ||     5
  Dodge: Dodged            ||    28
